 Dungeon Crawl Stone Soup version 0.27.0-66-gdc8fb28755 (webtiles) character file.

Game seed: 2394296039468212630

16545 Malachi the Covert (level 12, -2/81 HPs)
             Began as a Demonspawn Ice Elementalist on Aug 20, 2021.
             Was a High Priest of Nemelex Xobeh.
             Slain by an elephant (6 damage)
             ... on level 3 of the Lair of Beasts.
             The game lasted 00:24:21 (12989 turns).

Malachi the Covert (Demonspawn Ice Elementalist)   Turns: 12989, Time: 00:24:23

Health: -2/81      AC: 12    Str: 10    XL:     12   Next: 11%
Magic:  22/22      EV: 13    Int: 20    God:    Nemelex Xobeh [*****.]
Gold:   571        SH:  0    Dex: 14    Spells: 18/25 levels left

rFire    . . .     SeeInvis .   o - +2 dagger (freeze)
rCold    . . .     Faith    +   b - +0 buckler
rNeg     . . .     Spirit   .   r - +0 steam dragon scales
rPois    .         Reflect  .   (helmet restricted)
rElec    .         Harm     .   m - +0 cloak
rCorr    +         Rampage  +   (no gloves)
Will     .....                  x - +2 pair of boots {rampage}
Stlth    ++........             q - amulet of faith
HPRegen  0.23/turn              e - ring of flight
MPRegen  0.18/turn              w - ring of resist corrosion

@: confused, ambrosia-drunk, freezing walls, flying, studying Fighting
A: antennae 2, slimy green scales 2, powered by death 2, demonic magic 2
a: Renounce Religion, Draw Escape, Draw Destruction, Draw Summoning, Triple
Draw, Deal Four, Stack Five


You were on level 3 of the Lair of Beasts.
You worshipped Nemelex Xobeh.
Nemelex Xobeh was extremely pleased with you.
You visited 2 branches of the dungeon, and saw 12 of its levels.

You collected 571 gold pieces.

Inventory:

Hand Weapons
 c - a +1 dagger
 o - a +2 dagger of freezing (weapon)
Missiles
 i - 62 poisoned darts
 j - 2 throwing nets
Armour
 b - a +0 buckler (worn)
 m - a +0 cloak (worn)
 r - +0 steam dragon scales (worn)
 x - a +2 pair of boots of rampaging (worn)
Jewellery
 d - a ring of fire
 e - a ring of flight (left hand)
 q - an amulet of faith (around neck)
 w - a ring of resist corrosion (right hand)
 z - a ring of protection from fire
 A - the ring of Broken Luck {rF+ rN+ Int+3 Dex+6 Slay-4}
   (You found it on level 2 of the Lair of Beasts)

   [ring of dexterity]

   Int:       It affects your intelligence (+3).
   Dex:       It affects your dexterity (+6).
   Slay:      It affects your accuracy & damage with ranged weapons and melee
   (-4).
   rF:        It protects you from fire.
   rN:        It protects you from negative energy.
Wands
 u - a wand of iceblast (6)
 y - a wand of polymorph (7)
Scrolls
 g - 4 scrolls of teleportation
 s - 2 scrolls of enchant weapon
 C - a scroll of identify
Potions
 a - 3 potions of magic {unknown}
 f - 2 potions of flight
 h - a potion of mutation
 k - 5 potions of curing
 l - a potion of cancellation {unknown}
 n - 5 potions of haste
 p - a potion of lignification
 t - 2 potions of ambrosia
 v - 2 potions of resistance {unknown}
 B - a potion of degeneration {unknown}


   Skills:
 - Level 3.0 Fighting
 + Level 4.2 Short Blades
 - Level 3.2 Dodging
 + Level 11.0 Stealth
 - Level 4.3 Shields
 - Level 7.3 Spellcasting
 - Level 9.3 Ice Magic
 * Level 10.8 Invocations
 + Level 0.5 Evocations


You had 18 spell levels left.
You knew the following spells:

 Your Spells              Type           Power      Damage    Failure   Level
a - Freeze                Ice            100%       1d11      1%          1
b - Frozen Ramparts       Ice            88%        1d10      1%          3
c - Ozocubu's Armour      Ice            44%        N/A       1%          3

Your spell library contained the following spells:

 Spells                   Type           Power      Damage    Failure   Level
 Animate Skeleton         Necr           14%        N/A       10%         1
 Apportation              Tloc           14%        N/A       10%         1
 Corona                   Hex            7%         N/A       10%         1
 Magic Dart               Conj           28%        1d4       10%         1
 Summon Small Mammal      Summ           28%        N/A       10%         1
 Blink                    Tloc           N/A        N/A       14%         2
 Corpse Rot               Necr/Air       N/A        N/A       14%         2
 Poisonous Vapours        Pois/Air       14%        N/A       14%         2
 Searing Ray              Conj           14%        3d3       14%         2
 Static Discharge         Conj/Air       7%         N/A       14%         2
 Hailstorm                Conj/Ice       25%        3d7       14%         4
 Freezing Cloud           Conj/Ice/Air   9%         6-21      56%         5
 Dispel Undead            Necr           7%         3d8       67%         4
 Fulminant Prism          Conj/Hex       3%         3d6       67%         4
 Sticky Flame             Conj/Fire      7%         2d3       67%         4
 Fireball                 Conj/Fire      3%         3d4       95%         5
 Iskenderun's Battlesphe  Conj           7%         2d6       95%         5
 Manifold Assault         Tloc           7%         N/A       95%         5
 Conjure Ball Lightning   Conj/Air       3%         3x3d6     100%        6
 Dispersal                Tloc           3%         N/A       100%        6
 Orb of Destruction       Conj           3%         9d1       100%        7
 Storm Form               Tmut/Air       3%         N/A       100%        7
 Disjunction              Tloc           3%         N/A       100%        8


Dungeon Overview and Level Annotations

Branches:
Dungeon (9/15)             Temple (0/1) D:5            Lair (3/6) D:9
 Shoals (0/4) Lair:2        Snake (0/4) Lair:2
    Orc: D:9-12

Altars:
Dithmenos
Nemelex Xobeh
Okawaru
Wu Jian
Yredelemnul
Zin

Shops:
D:9 *


Innate Abilities, Weirdness & Mutations

You have a pair of antennae on your head.
You are mostly covered in slimy green scales. (AC +3)
You regenerate health from kills.
Spells you cast may paralyse nearby enemies.


Message History

The cane toad poisons you!
You feel better.
The wall freezes the elephant. x2
The elephant closely misses you. x2; You block the elephant's attack.
The elephant trunk-slaps you but does no damage.
Malachi's illusion hits the elephant but does no damage.
Unknown command.
Unknown command.
Casting: Freeze (safe; 1% risk of failure)
Confirm with . or Enter, or press ? or * to list all spells.
Aiming: Freeze (safe; 1% risk of failure)
Press: ? - help, Shift-Dir - straight line, f/p - elephant
Aim: an elephant (heavily wounded, ally target)
Okay, then.
Unknown command.
You draw a card...
You have drawn the Dance.
The wall freezes the elephant!
The wall freezes the cane toad.
The cane toad seems to slow down.
The cane toad stings you!
* * * LOW HITPOINT WARNING * * *
The wall freezes the elephant.
The elephant tramples you but does no damage.
The elephant trunk-slaps you but does no damage.
The elephant tramples you!
* * * LOW HITPOINT WARNING * * *
You hold your ground!
The elephant trunk-slaps you but does no damage.
Malachi's illusion hits the elephant but does no damage.
Unknown command.
Casting: Freeze (safe; 1% risk of failure)
Confirm with . or Enter, or press ? or * to list all spells.
Aiming: Freeze (safe; 1% risk of failure)
Press: ? - help, Shift-Dir - straight line, f - you, p - elephant
Okay, then.
Okay, then.
You are confused.
You feel invigorated.
The elephant is no longer paralysed.
The wall freezes the elephant.
Your +0 hand axe of venom completely misses the elephant.
The wall freezes the elephant.
The elephant tramples you.
You die...
Your body glows with a rainbow of weird colours and disappears.

#.. #.................
...##.....##..........
.........##..........
..........#..........
##.................
#................. ..
#..Y####.............
#.YF###..............
#.@.@###...........P.
#P..YY###...........##
#P....(...#.PP...##..#
##.#P#...#.###........
#####................
#................
##.............##
#.#PP.##...####
#.....######


You could see 4 elephants, a cane toad (slow), a friendly +0 hand axe of venom
(summoned) and the friendly Malachi's illusion (summoned).

Vanquished Creatures
  A hydra (Lair:2)
  2 boulder beetles (Lair:1)
  A death yak (Lair:2)
  An oklob plant (Lair:1)
  An elephant (Lair:3)
  2 cane toads
  A smoke demon (D:3)
  A komodo dragon (Lair:1)
  2 rime drakes (Lair:1)
  A polar bear (Lair:1)
  A queen bee (Lair:2)
  A hornet (Lair:2)
  A shadow (D:9)
  5 yaks (Lair:1)
  A basilisk (Lair:2)
  5 steam dragons
  A naga (Lair:2)
  4 water moccasins
  5 orc warriors (D:9)
  4 black bears
  A hornet zombie (D:7)
  A sky beast (D:3)
  An ice beast (D:8)
  A necrophage (D:5)
  10 wolves
  A centaur (D:9)
  2 kobold brigands
  4 bullfrogs
  A gnoll sergeant (D:9)
  3 scorpions
  3 wyvern zombies (D:7)
  A water moccasin skeleton (D:5)
  16 killer bees
  7 wights (D:6)
  4 howler monkeys (D:9)
  A bullfrog zombie (D:5)
  4 centaur zombies
  2 hounds
  4 jellies
  2 gnoll shamans
  8 orc priests
  2 iguanas
  5 orc wizards
  4 killer bee zombies
  2 hound zombies (D:3)
  A hound skeleton (D:3)
  A howler monkey zombie (D:7)
  2 howler monkey skeletons
  14 gnolls
  5 adders
  A shadow imp (D:6)
  2 white imps
  A worm (D:3)
  3 dart slugs
  31 orcs
  5 ball pythons
  A bat (D:3)
  6 endoplasms
  2 giant cockroaches
  A goblin (D:2)
  2 hobgoblins
  7 jackals
  13 kobolds
  A ball python skeleton (D:3)
  4 frilled lizards
  A rat (D:2)
235 creatures vanquished.

Vanquished Creatures (collateral kills)
  The ghost of Ishikawa the Basher, a journeyman MiFi of Wu Jian (Lair:2)
  The ghost of Tutankhamun the Carver, a journeyman FoFi of the Shining One (Lair:1)
  4 death yaks (Lair:2)
  2 merfolk sirens (Lair:2)
  2 rime drakes
  2 merfolk (Lair:2)
  A naga (Lair:2)
  A cane toad simulacrum (Lair:1)
  A wyvern simulacrum (Lair:1)
  A water moccasin simulacrum (Lair:1)
  A yak simulacrum (Lair:1)
  A wolf simulacrum (Lair:1)
  A bullfrog simulacrum (Lair:1)
  A basilisk simulacrum (Lair:1)
  A bush (Lair:1)
21 creatures vanquished.

Vanquished Creatures (others)
  22 fungi
  26 plants
  A withered plant (D:3)
49 creatures vanquished.

Grand Total: 305 creatures vanquished

Notes
Turn   | Place    | Note
-------+----------+-------------------------------------------
     0 | D:1      | Malachi the Demonspawn Ice Elementalist began the quest for
                  | the Orb.
     0 | D:1      | Reached XP level 1. HP: 13/13 MP: 3/3
   801 | D:1      | Found a faded altar of an unknown god.
  1016 | D:1      | Became a worshipper of Nemelex Xobeh the Trickster
  1016 | D:1      | Reached * piety under Nemelex Xobeh
  1016 | D:1      | Received a gift from Nemelex Xobeh
  1107 | D:2      | Reached skill level 2 in Stealth
  1107 | D:2      | Gained mutation: Spells you cast may paralyse adjacent
                  | enemies. [demonic ancestry]
  1107 | D:2      | Reached XP level 2. HP: 19/19 MP: 5/5
  1635 | D:2      | Gained mutation: You regenerate a little health from kills.
                  | [demonic ancestry]
  1635 | D:2      | Reached XP level 3. HP: 11/24 MP: 3/6
  1828 | D:3      | Reached ** piety under Nemelex Xobeh
  1950 | D:3      | Noticed Grinder
  1954 | D:3      | Noticed Grinder
  1954 | D:3      | Grinder changed into Grinder the smoke demon
  1956 | D:3      | Killed Grinder the smoke demon
  1957 | D:3      | Reached skill level 1 in Fighting
  1957 | D:3      | Reached skill level 1 in Short Blades
  1957 | D:3      | Reached skill level 4 in Stealth
  1957 | D:3      | Gained mutation: You are partially covered in slimy green
                  | scales. (AC +2) [demonic ancestry]
  1957 | D:3      | Reached XP level 4. HP: 32/32 MP: 6/8
  1957 | D:3      | Gained mutation: Spells you cast may paralyse nearby
                  | enemies. [demonic ancestry]
  1957 | D:3      | Reached XP level 5. HP: 37/37 MP: 6/9
  1957 | D:3      | Gained mutation: You are mostly covered in slimy green
                  | scales. (AC +3) [demonic ancestry]
  1957 | D:3      | Reached XP level 6. HP: 43/43 MP: 6/10
  2197 | D:3      | Found an ornate altar of the Wu Jian Council.
  2249 | D:3      | Learned a level 3 spell: Frozen Ramparts
  2268 | D:3      | Noticed a sky beast
  2281 | D:3      | Killed a sky beast
  2282 | D:3      | Gained mutation: You regenerate health from kills. [demonic
                  | ancestry]
  2282 | D:3      | Reached XP level 7. HP: 48/48 MP: 2/11
  2930 | D:4      | Received a gift from Nemelex Xobeh
  3127 | D:4      | Reached *** piety under Nemelex Xobeh
  3271 | D:4      | Received a gift from Nemelex Xobeh
  3416 | D:4      | You are sucked into a shaft and drop 3 floors!
  3610 | D:7      | Reached skill level 5 in Stealth
  3610 | D:7      | Reached skill level 5 in Ice Magic
  3781 | D:7      | Gained mutation: You have a pair of small antennae on your
                  | head. [demonic ancestry]
  3781 | D:7      | Reached XP level 8. HP: 54/54 MP: 13/13
  3781 | D:7      | Found a basalt altar of Yredelemnul.
  4342 | D:6      | Received a gift from Nemelex Xobeh
  4480 | D:6      | Reached skill level 6 in Stealth
  5080 | D:5      | Entered Level 5 of the Dungeon
  5190 | D:5      | Found a shadowy altar of Dithmenos.
  5209 | D:5      | Received a gift from Nemelex Xobeh
  5242 | D:5      | Reached **** piety under Nemelex Xobeh
  5259 | D:5      | Reached XP level 9. HP: 61/61 MP: 14/16
  5356 | D:5      | Reached skill level 5 in Spellcasting
  5404 | D:5      | Reached skill level 7 in Stealth
  5675 | D:5      | Found a staircase to the Ecumenical Temple.
  5704 | D:5      | Received a gift from Nemelex Xobeh
  6693 | D:7      | Reached skill level 1 in Invocations
  6773 | D:7      | Received a gift from Nemelex Xobeh
  7224 | D:7      | Reached ***** piety under Nemelex Xobeh
  7437 | D:8      | Received a gift from Nemelex Xobeh
  8050 | D:8      | Found an iron altar of Okawaru.
  8086 | D:8      | Received a gift from Nemelex Xobeh
  8578 | D:9      | Reached skill level 8 in Stealth
  8671 | D:9      | Reached XP level 10. HP: 53/67 MP: 12/19
  8993 | D:9      | Found a staircase to the Lair.
  9238 | D:9      | Learned a level 3 spell: Ozocubu's Armour
  9333 | D:9      | Reached skill level 5 in Invocations
  9489 | D:9      | Found Sofa's Overcharged Wands.
  9821 | Lair:1   | Entered Level 1 of the Lair of Beasts
  9833 | Lair:1   | Found a runed translucent gate.
  9834 | Lair:1   | Found a runed translucent gate.
  9835 | Lair:1   | Found a runed translucent gate.
  9926 | Lair:1   | Noticed an oklob plant
 10190 | Lair:1   | Received a gift from Nemelex Xobeh
 10497 | Lair:1   | Found a transporter.
 10498 | Lair:1   | Found a transporter.
 10498 | Lair:1   | Noticed a boulder beetle
 10499 | Lair:1   | Noticed a boulder beetle
 10577 | Lair:1   | Noticed Tutankhamun's ghost (journeyman FoFi)
 10677 | Lair:1   | Killed Tutankhamun's ghost
 10691 | Lair:1   | Reached XP level 11. HP: 59/74 MP: 19/21
 11596 | Lair:1   | Killed an oklob plant
 11654 | Lair:1   | Killed a boulder beetle
 11655 | Lair:1   | Reached skill level 9 in Stealth
 11671 | Lair:1   | Killed a boulder beetle
 11989 | Lair:2   | Received a gift from Nemelex Xobeh
 12034 | Lair:2   | Noticed a seven-headed hydra
 12050 | Lair:2   | Killed a seven-headed hydra
 12051 | Lair:2   | Noticed a death yak
 12052 | Lair:2   | Noticed a death yak
 12054 | Lair:2   | Noticed a death yak
 12063 | Lair:2   | Reached skill level 10 in Stealth
 12066 | Lair:2   | Noticed a death yak
 12070 | Lair:2   | Noticed a death yak
 12073 | Lair:2   | Killed a death yak
 12074 | Lair:2   | Killed a death yak
 12075 | Lair:2   | Killed a death yak
 12078 | Lair:2   | Killed a death yak
 12081 | Lair:2   | Killed a death yak
 12085 | Lair:2   | Reached skill level 10 in Invocations
 12203 | Lair:2   | Found a transporter.
 12204 | Lair:2   | Found a staircase to the Snake Pit.
 12271 | Lair:2   | Found a transporter.
 12298 | Lair:2   | Noticed Ishikawa's ghost (journeyman MiFi)
 12402 | Lair:2   | Received a gift from Nemelex Xobeh
 12437 | Lair:2   | Found a staircase to the Shoals.
 12683 | Lair:2   | Received a gift from Nemelex Xobeh
 12791 | Lair:2   | Gained mutation: You have a pair of antennae on your head.
                  | [demonic ancestry]
 12791 | Lair:2   | Reached XP level 12. HP: 68/81 MP: 17/22
 12794 | Lair:2   | Killed Ishikawa's ghost
 12835 | Lair:2   | Identified the ring of Broken Luck {rF+ rN+ Int+3 Dex+6
                  | Slay-4}
 12986 | Lair:3   | Reached skill level 11 in Stealth
 12988 | Lair:3   | HP: 1/81 [elephant (12)]
 12989 | Lair:3   | Slain by an elephant

Illustrated notes

Levels and vault maps discovered:
D:1:      dpeg_arrival_short_road, layout_basic, ebering_ecumenical_altar_box,
          minmay_misc_feat_rows, hangedman_glass_teeth
D:2:      layout_loops_cross
D:3:      minmay_evil_eye, layout_rooms, nicolae_overflow_crystal_walls,
          serial_undead, serial_undead_b, serial_undead_f, serial_undead_c,
          serial_undead_e, serial_undead_e, serial_undead_d, serial_undead_d,
          serial_undead_d, uniq_grinder
D:4:      layout_gridville
D:5:      layout_basic, grunt_dithmenos_smoke_and_mirrors,
          minmay_temple_entry_hall
D:6:      layout_basic
D:7:      layout_layer_cave, nicolae_yredelemnul_corpse_copse,
          nicolae_lava_and_water
D:8:      layout_loops_corners, gammafunk_temple_overflow_statue
D:9:      layout_layer_cave, grunt_lair_entry_orc_guard_hut,
          nicolae_shop_overcharged_wands
Lair:1:   gammafunk_boulding_lane, layout_gridlike, gammafunk_ghost_icy,
          minmay_lair_oklob_bushes, serial_bayou_shore_a, lemuel_fruit_tree
Lair:2:   layout_regular_city, elwin_shoals_entry_stream,
          guppyfry_snake_entry_garden, gammafunk_ghost_hive
Lair:3:   layout_gridlike, minmay_hedge_maze, grunt_megastairs_4,
          serial_bayou_shore_b

Skill      XL: |  1  2  3  4  5  6  7  8  9 10 11 12 |
---------------+-------------------------------------+-----
Stealth        | 2 4 5 6 8 10 11 | 11.0
Ice Magic      | 4 5 6 7 9 |  9.3
Fighting       | 1 2 3 |  3.0
Short Blades   | 1 2 4 |  4.2
Dodging        | 2 3 |  3.2
Shields        | 2 3 4 |  4.3
Spellcasting   | 3 4 6 7 |  7.3
Invocations    | 3 6 10 | 10.8
Evocations     | |  0.5

Action                   |  1- 3 |  4- 6 |  7- 9 | 10-12 || total
-------------------------+-------+-------+-------+-------++-------
Melee: Dagger            |    36 |    12 |   143 |    48 ||   239
       Unarmed           |     1 |       |       |       ||     1
 Cast: Freeze            |    22 |    12 |   113 |    79 ||   226
       Frozen Ramparts   |       |     2 |     8 |    23 ||    33
       Ozocubu's Armour  |       |       |       |     7 ||     7
Invok: Draw Destruction  |     3 |       |     1 |    11 ||    15
       Deal Four         |       |       |       |     1 ||     1
       Draw Summoning    |       |       |       |     7 ||     7
Evoke: Wand              |       |       |       |     1 ||     1
  Use: Scroll            |       |       |    14 |     4 ||    18
       Potion            |       |       |       |     3 ||     3
 Stab: Sleeping          |     6 |       |    20 |     5 ||    31
       Paralysed         |     9 |     6 |    61 |    18 ||    94
Armor: Robe              |     7 |     5 |    35 |       ||    47
       Steam dragon scal |       |       |     5 |    46 ||    51
Dodge: Dodged            |    17 |    10 |    90 |    93 ||   210
Block: Buckler           |    11 |     5 |    23 |    40 ||    79
